 Dungeon Crawl Stone Soup version 0.29-a0-2-g12fcac58f8 (webtiles) character file.

Game seed: 4101381746974094167

18 fragbeetle the Chopper (level 2, -1/27 HPs)
             Began as a Hill Orc Cinder Acolyte on Jan 26, 2022.
             Was a High Priest of Ignis.
             Frozen to death by an endoplasm (3 damage)
             ... on level 1 of the Dungeon.
             The game lasted 00:01:08 (236 turns).

fragbeetle the Chopper (Hill Orc Cinder Acolyte)     Turns: 236, Time: 00:01:08

Health: -1/27      AC:  5    Str: 16    XL:     2   Next: 66%
Magic:  3/3        EV: 11    Int: 14    God:    Ignis [*****.]
Gold:   5          SH:  0    Dex:  6    Spells: 3/3 levels left

rFire   + . .      SeeInvis .   a - -1 hand axe (flame)
rCold   . . .      Faith    .   (no shield)
rNeg    . . .      Spirit   .   b - +0 robe
rPois   .          Reflect  .   (no helmet)
rElec   .          Harm     .   (no cloak)
rCorr   .          Rampage  .   c - +2 pair of gloves
Will    .....                   (no boots)
Stlth   +.........              (no amulet)
HPRegen 0.09/turn               (no ring)
MPRegen 0.08/turn               (no ring)

@: no status effects
A: no striking features
a: Renounce Religion, Fiery Armour, Foxfire Swarm, Rising Flame


You were on level 1 of the Dungeon.
You worshipped Ignis.
Ignis was extremely pleased with you.
You visited 1 branch of the dungeon, and saw 1 of its levels.

You collected 5 gold pieces.

Inventory:

Hand Weapons
 a - a -1 hand axe of flaming (weapon)
Armour
 b - a +0 robe (worn)
 c - a +2 pair of gloves (worn)
Scrolls
 d - a scroll of identify {unknown}


   Skills:
 + Level 3.8 Fighting
 * Level 4.4 Axes
 + Level 1.1 Spellcasting
 * Level 3.7 Fire Magic


You had 3 spell levels left.
You didn't know any spells.
Your spell library contained the following spells:

 Spells                   Type           Power      Damage    Failure   Level
 Scorch                   Fire           22%        2d6       9%          2


Dungeon Overview and Level Annotations

Branches:
Dungeon (1/15)

Altars:


Message History

You feel very sick. The kobold closely misses you.
You hit the kobold. You burn the kobold.
You kill the kobold!
You feel very sick.
You start resting.
You feel very sick.
You feel sick. x3
An endoplasm is nearby!
You feel sick.
Things that are here:
a +0 club; a goblin corpse You feel sick.
You feel sick.
The endoplasm jiggles.
You feel sick.
You feel sick.
You are no longer poisoned.
The endoplasm hits you.
* * * LOW HITPOINT WARNING * * *
You see here a +1 dagger of venom.
Things that are here:
a +0 club; a goblin corpse
Things that are here:
a +0 club; a goblin corpse You hit the endoplasm but do no damage.
The endoplasm hits you.
* * * LOW HITPOINT WARNING * * *
You hit the endoplasm. You burn the endoplasm.
The endoplasm is almost dead.
The endoplasm barely misses you.
You hit the endoplasm but do no damage.
The endoplasm is almost dead.
The endoplasm freezes you.
You are frozen.
* * * LOW HITPOINT WARNING * * *
You completely miss the endoplasm.
The endoplasm is almost dead.
The endoplasm freezes you.
You are frozen.
You die...

###### ##### ####....##....#
.. ###### ### #....##..#....#
#.. .....# #.. #..##..#.#....#
#.# #...###..##J.##..#)#....#
... #....## #.@##..###)#....#
###.##.....###..##..###.)....#
.............##.<##..##.....#
#.#.........##..##..##.....#
#...≈≈≈...##..##..####.....#
#...≈_≈...##..##..####.#..####
#.#.≈≈≈.)...##..##).#..##.....
#...........##..##....####....
....#.####.........#..####
#....


You could see an endoplasm.

Vanquished Creatures
  A gnoll (D:1)
  2 goblins (D:1)
  A hobgoblin (D:1)
  2 kobolds (D:1)
  2 rats (D:1)
8 creatures vanquished.

Notes
Turn   | Place    | Note
-------+----------+-------------------------------------------
     0 | D:1      | fragbeetle the Hill Orc Cinder Acolyte began the quest for
                  | the Orb.
     0 | D:1      | Reached XP level 1. HP: 19/19 MP: 2/2
     4 | D:1      | Found a faded altar of an unknown god.
    38 | D:1      | Reached XP level 2. HP: 18/27 MP: 3/3
   236 | D:1      | Frozen to death by an endoplasm

Illustrated notes

Levels and vault maps discovered:
D:1:      lightli_iron_boxes, layout_rooms,
          hellmonk_ecumenical_altar_pennies_from_heaven

Action                   || total
-------------------------++-------
Melee: Hand axe          ||    22
Armor: Robe              ||     2
Dodge: Dodged            ||    11

Table legend: (Time is in decaauts)
 A = Elapsed time spent in this place.
 B = Non-inter-level travel time spent in this place.
 C = Inter-level travel time spent in this place.
 D = Time resting spent in this place.
 E = Time spent auto-exploring this place.
 F = Levels seen in this place.
 G = Mean time per level.
                   A        B        C        D        E       F      G
               +--------+--------+--------+--------+--------+-----+--------+
         Total |    241 |    241 |      0 |      5 |     89 |   1 |  241.0 |
       Dungeon |    241 |    241 |      0 |      5 |     89 |   1 |  241.0 |
               +--------+--------+--------+--------+--------+-----+--------+

Top non-repeatable levels by time:
     D:1: 241 daAuts
